 Dungeon Crawl Stone Soup version 0.32-a0-886-g41c5271027 (webtiles) character file.

Game seed: 3371467086993097121

43 Ruich the Chopper (level 3, -2/33 HPs)
             Began as a Mountain Dwarf Chaos Knight on Apr 3, 2024.
             Was a Plaything of Xom.
             Slain by Sigmund
             ... wielding a +0 scythe
              (3 damage)
             ... on level 2 of the Dungeon.
             The game lasted 00:02:57 (958 turns).

Ruich the Chopper (Mountain Dwarf Chaos Knight)      Turns: 958, Time: 00:02:57

Health: -2/33      AC:  6    Str: 16    XL:     3   Next: 37%
Magic:  3/3        EV: 10    Int: 12    God:    Xom [..*...]
Gold:   38         SH:  0    Dex: 15    Spells: 2/2 levels left

rFire   . . .        a - +0 hand axe (flame)
rCold   . . .        (no shield)
rNeg    + . .        b - +2 leather armour
rPois   .            (no helmet)
rElec   .            (no cloak)
rCorr   .            (no gloves)
SInv    .            j - +0 pair of boots
Will    .....        (no amulet)
Stlth   +            k - +6 ring of dexterity
HPRegen 0.25/turn    h - ring of positive energy
MPRegen 0.08/turn

%: no passive effects
@: confused, hasted, very quick
A: runic magic, artefact enchanting
a: Renounce Religion


You were on level 2 of the Dungeon.
You worshipped Xom.
You were a toy of Xom.
You visited 1 branch of the dungeon, and saw 2 of its levels.

You collected 38 gold pieces.


Innate Abilities, Weirdness & Mutations

Your spellcasting is much less encumbered by armour.
You can use scrolls of enchantment on lesser artefacts.


   Skills:
 + Level 3.7 Fighting
 * Level 4.6 Axes
 + Level 2.8 Armour
 - Level 0.6 Dodging


You had 2 spell levels left.
You didn't know any spells.
Your spell library was empty.

Inventory:

Hand Weapons
 a - a +0 hand axe of flaming (weapon)
Armour
 b - a +2 leather armour (worn)
 j - a +0 pair of boots (worn)
Jewellery
 h - a ring of positive energy (right hand)
 k - a +6 ring of dexterity (left hand)
 m - a +6 ring of dexterity
Scrolls
 c - a scroll of butterflies
 i - a scroll of identify {@r1}
Potions
 d - a potion of attraction
 e - a potion of heal wounds {unknown}

Dungeon Overview and Level Annotations

Branches:
Dungeon (2/15) Zot: 11038

Altars:

Shops:
D:2 [

Annotations:
D:2 Sigmund

#..............†.............#
####.##########.........######
#.# ######.........#
#.#####..............#
#..................#
#####..............# ∆
######.........#######
##########.#..............
........)@b#..............
........{...(.............
......b...........†.......
.......b..................
..............########.###
#####.......b.# .# #.......).#
# #.........# #.........#


There were no monsters in sight!


Message History

You closely miss something.
Unknown command.
You closely miss something. Something completely misses you.
Unknown command.
You miss something.
Unknown command.
You hit something but do no damage. Something hits you but does no damage.
Unknown command.
You miss something.
Unknown command.
You barely miss something.
You hear some strange, mumbled words.
You are confused.
Unknown command.
You barely miss something.
Unknown command.
Okay, then.
You miss something. Something hits you but does no damage.
Unknown command.
You bump into the rock wall.
Unknown command.
You barely miss something. Something hits you!
* * * LOW HITPOINT WARNING * * *
Unknown command.
Unknown command.
You hit something. You burn something.
You're too confused to move!
Something hits you.
You die... "Huh?
Did I miss anything?"

Skill      XL: |  1 |
---------------+----+-----
Axes           | 4 |  4.6
Fighting       | |  3.7
Armour         | |  2.8
Dodging        | |  0.6

Action                     || total
---------------------------++-------
  Melee: Hand axe          ||   131
    Use: Scroll            ||     4
         Potion            ||     2
   Stab: Invisible         ||     2
         Sleeping          ||     1
 Armour: Leather armour    ||    69
  Dodge: Dodged            ||    68

Levels and vault maps discovered:
D:1:      saegor_arrival_simple_c, layout_loops_cross
D:2:      layout_basic, serial_shops, nicolae_shop_overgrown_old_shop,
          chequers_jeans, uniq_natasha, uniq_sigmund

Notes
Turn   | Place    | Note
-------+----------+-------------------------------------------
     0 | D:1      | Ruich the Mountain Dwarf Chaos Knight began the quest for
                  | the Orb.
     0 | D:1      | Reached XP level 1. HP: 19/19 MP: 1/1
    46 | D:1      | XOM: silly message
    92 | D:1      | Reached skill level 4 in Axes
   109 | D:1      | Reached XP level 2. HP: 25/26 MP: 2/2
   751 | D:2      | XOM: potion effect (invisibility)
   769 | D:2      | Found Mocw's Antique Armour Emporium.
   779 | D:2      | Reached XP level 3. HP: 28/33 MP: 3/3
   927 | D:2      | Noticed Sigmund
   931 | D:2      | XOM: divination: detect items
   946 | D:2      | XOM: butterfly on damage
   956 | D:2      | HP: 1/33 [something (7)]
   958 | D:2      | Slain by Sigmund

Vanquished Creatures
  A dart slug (D:2)
  5 ball pythons (D:1)
  4 endoplasms
  4 goblins
  6 hobgoblins
  2 quokkas
  2 bats (D:1)
  2 frilled lizards
  5 kobolds
  6 rats
37 creatures vanquished.

Table legend: (Time is in decaauts)
 A = Elapsed time spent in this place.
 B = Non-inter-level travel time spent in this place.
 C = Inter-level travel time spent in this place.
 D = Time resting spent in this place.
 E = Time spent auto-exploring this place.
 F = Levels seen in this place.
 G = Mean time per level.
                   A        B        C        D        E       F      G
               +--------+--------+--------+--------+--------+-----+--------+
         Total |    960 |    900 |     60 |      0 |    616 |   2 |  480.0 |
       Dungeon |    960 |    900 |     60 |      0 |    616 |   2 |  480.0 |
               +--------+--------+--------+--------+--------+-----+--------+

Top non-repeatable levels by time:
     D:1: 752 daAuts
     D:2: 207 daAuts

Table legend:
 A = Non-vault XP
 B = Vault XP
 C = Vault XP percentage of total XP
 D = Non-vault monster count
 E = Vault monster count
 F = Vault count percentage of total count
                 A         B        C        D         E       F
            +---------+---------+-------+---------+---------+-------
      Total |      62 |       0 |   0.0 |      37 |       0 |   0.0
            +---------+---------+-------+---------+---------+-------
        D:1 |      37 |       0 |   0.0 |      24 |       0 |   0.0
        D:2 |      25 |       0 |   0.0 |      13 |       0 |   0.0
            +---------+---------+-------+---------+---------+-------
